 Dungeon Crawl Stone Soup version 0.31-a0-851-g7ff8af7976 (webtiles) character file.

Game seed: 13363112715600020394

233 Descartes the Covert (level 5, -1/27 HPs)
             Began as a Spriggan Delver on Oct 6, 2023.
             Slain by a scorpion (6 damage)
             ... on level 4 of the Dungeon.
             The game lasted 00:02:42 (747 turns).

Descartes the Covert (Spriggan Delver)               Turns: 747, Time: 00:02:43

Health: -1/27      AC:  2    Str: 10    XL:     5   Next: 74%
Magic:  6/6        EV: 18    Int: 12    God:
Gold:   25         SH:  0    Dex: 16    Spells: 4/4 levels left

rFire   . . .        a - +0 short sword
rCold   . . .        (no shield)
rNeg    . . .        b - +0 robe
rPois   .            (helmet restricted)
rElec   .            (no cloak)
rCorr   .            (gloves unavailable)
SInv    +            (boots unavailable)
Will    .....        (no amulet)
Stlth   +++++        (no ring)
HPRegen 0.24/turn    (no ring)
MPRegen 0.10/turn

%: no passive effects
@: mighty, lethally poisoned (-1 -> -4), very quick
A: very small, no large weapons, unfitting armour, see invisible, speed 3
a: no special abilities


You were on level 4 of the Dungeon.
You visited 1 branch of the dungeon, and saw 2 of its levels.

You collected 25 gold pieces.

Inventory:

Hand Weapons
 a - a +0 short sword (weapon)
Armour
 b - a +0 robe (worn)
Jewellery
 i - a ring of fire
Wands
 g - a wand of digging (3)
Scrolls
 c - a scroll of fog
 d - a scroll of revelation
 e - a scroll of fear
 h - a scroll of blinking {unknown}
 l - 3 scrolls of identify {unknown}
 m - a scroll of butterflies {unknown}
Potions
 f - a potion of haste


   Skills:
 - Level 2.4 Fighting
 + Level 3.1 Short Blades
 + Level 4.0 Dodging
 + Level 10.5 Stealth


You had 4 spell levels left.
You didn't know any spells.
Your spell library was empty.

Dungeon Overview and Level Annotations

Branches:
Dungeon (5/15)
 Temple: D:4-7

Altars:

Annotations:
D:4 Blork the orc, Menkaure
D:5 2 runed translucent doors


Innate Abilities, Weirdness & Mutations

You are very small and have problems with some larger weapons.
You are too small for most types of armour.
You have supernaturally acute eyesight. (SInv)
You cover ground extremely quickly. (Speed+++)


Message History

The scorpion stings you.
You hit the scorpion but do no damage.
The scorpion is lightly wounded.
The scorpion stings you.
You are poisoned.
The scorpion poisons you!
You hit the scorpion but do no damage.
The scorpion is lightly wounded.
You feel sick. The scorpion stings you.
You closely miss the scorpion.
The scorpion is lightly wounded.
You feel sick. The scorpion misses you.
It was a potion of curing.
You feel better. The scorpion closely misses you.
The scorpion barely misses you.
You barely miss the scorpion.
The scorpion is lightly wounded.
The scorpion completely misses you.
You barely miss the scorpion.
The scorpion is lightly wounded.
The scorpion closely misses you.
You hit the scorpion.
The scorpion is moderately wounded.
The scorpion completely misses you.
You hit the scorpion but do no damage.
The scorpion is moderately wounded.
The scorpion stings you.
You are poisoned.
The scorpion poisons you!
You closely miss the scorpion.
The scorpion is moderately wounded.
You feel sick. The scorpion stings you.
* * * LOW HITPOINT WARNING * * *
You hit the scorpion.
The scorpion is moderately wounded.
You feel sick. The scorpion closely misses you.
It was a potion of might.
You feel very mighty all of a sudden.
* * * LOW HITPOINT WARNING * * *
You feel sick. The scorpion stings you.
You die...

###########.#
#........##.#
#.######.##.#
#.#.......#.#
#.#.#.....#.# .
#.#.##....#.# .
..#.......#.# #
#.####..#.#.#########...
.....)..........@s......
#########.#.............
..........###########...
######.........# . #....
.........#####.# #....
.........'...#.# #....
######...###.#.# #....
#......#.#.# #....
#.######.#.# ##....


You could see a scorpion.

Vanquished Creatures
  A black bear (D:4)
  An ogre (D:4)
  An iguana (D:4)
  An adder (D:4)
  2 ufetubi
  A dart slug (D:4)
  A goblin (D:4)
  5 jackals
  A ball python (D:4)
14 creatures vanquished.

Notes
Turn   | Place    | Note
-------+----------+-------------------------------------------
     0 | D:5      | Descartes the Spriggan Delver began the quest for the Orb.
     0 | D:5      | Reached XP level 1. HP: 11/11 MP: 2/2
    56 | D:5      | Noticed an iguana
    85 | D:5      | Found a large runed translucent door.
    85 | D:5      | Found a large runed translucent door.
   222 | D:4      | Reached skill level 8 in Stealth
   222 | D:4      | Reached XP level 2. HP: 16/16 MP: 3/3
   334 | D:4      | Noticed an ogre
   341 | D:4      | Killed an ogre
   342 | D:4      | Reached skill level 10 in Stealth
   342 | D:4      | Reached XP level 3. HP: 19/19 MP: 4/4
   342 | D:4      | Reached XP level 4. HP: 23/23 MP: 5/5
   388 | D:4      | Noticed Menkaure
   437 | D:4      | Noticed a black bear
   441 | D:4      | Killed a black bear
   442 | D:4      | Reached XP level 5. HP: 27/27 MP: 6/6
   646 | D:4      | Noticed Blork the orc
   747 | D:4      | Slain by a scorpion

Illustrated notes

Levels and vault maps discovered:
D:4:      layout_basic, uniq_menkaure, uniq_blork_the_orc
D:5:      layout_rooms, minmay_temple_entry_offerings,
          ebering_ghost_disaster_area, serial_co_window_serial,
          co_window_paths_a, co_window_corner_a, co_window_corner_a,
          co_window_paths_b, co_window_corner_a, co_window_cross_1,
          co_window_corner_ca, co_window_corner_ca, co_window_cross_3,
          co_window_corner_cb, co_window_sun, co_window_paths_e,
          glass_columns_a, glass_columns_b, glass_columns_b, glass_columns_a,
          glass_columns_b, grunt_ministairs_10, minmay_shop_damaged,
          kennysheep_generic_room_11

Skill      XL: |  1  2  3  4  5 |
---------------+----------------+-----
Stealth        | 8 10 | 10.5
Dodging        | 3 4 |  4.0
Short Blades   | 3 |  3.1
Fighting       | |  2.4

Action                     |  1- 3 |  4- 6 || total
---------------------------+-------+-------++-------
  Melee: Short sword       |    15 |    58 ||    73
    Use: Potion            |       |     2 ||     2
   Stab: Sleeping          |     4 |     3 ||     7
 Armour: Robe              |     6 |    20 ||    26
  Dodge: Dodged            |     7 |    69 ||    76

Table legend: (Time is in decaauts)
 A = Elapsed time spent in this place.
 B = Non-inter-level travel time spent in this place.
 C = Inter-level travel time spent in this place.
 D = Time resting spent in this place.
 E = Time spent auto-exploring this place.
 F = Levels seen in this place.
 G = Mean time per level.
                   A        B        C        D        E       F      G
               +--------+--------+--------+--------+--------+-----+--------+
         Total |    507 |    497 |     10 |      0 |    293 |   2 |  253.5 |
       Dungeon |    507 |    497 |     10 |      0 |    293 |   2 |  253.5 |
               +--------+--------+--------+--------+--------+-----+--------+

Top non-repeatable levels by time:
     D:4: 389 daAuts
     D:5: 118 daAuts
